 Dungeon Crawl Stone Soup version 0.22-a0-800-g058c00f (console) character file.

3910 vegansnacktivist the Transmogrifier (level 10, -7/45 HPs)
             Began as a Felid Transmuter on July 21, 2018.
             Was an Elder of Dithmenos.
             Mangled by a wight
             ... wielding a cursed +4 halberd of freezing
              (8 damage)
             ... on level 11 of the Dungeon.
             The game lasted 00:33:07 (16945 turns).

vegansnacktivist the Transmogrifier (FeTm)         Turns: 16945, Time: 00:33:08

Health: -7/45      AC:  2    Str:  9    XL:     10   Next: 1%
Magic:  20/20      EV: 28    Int: 14    God:    Dithmenos [****..]
Gold:   528        SH:  0    Dex: 25    Spells: 0/21 levels left
                                        Lives:  0   Deaths: 2

rFire    . . .     SeeInvis +     - Unarmed
rCold    . . .     Gourm    .   (shield unavailable)
rNeg     . . .     Faith    .   (armour unavailable)
rPois    .         Spirit   .   (helmet unavailable)
rElec    .         Reflect  .   (cloak unavailable)
rCorr    .         Harm     .   (gloves unavailable)
MR       +....                  (boots unavailable)
Stlth    +++++++...             (no amulet)
HPRegen  0.15/turn              n - +2 ring of dexterity
MPRegen  0.17/turn              z - ring of poison resistance

@: spider-form, wreathed by umbra, drained
A: tiny, no armour, no weapons or thrown items, stealth, see invisible,
carnivore, slow metabolism 1
a: End Transformation, Shadow Step, Renounce Religion


You were on level 11 of the Dungeon.
You worshipped Dithmenos.
Dithmenos was greatly pleased with you.
You were completely stuffed.
You were a venomous arachnid creature.
You visited 2 branches of the dungeon, and saw 12 of its levels.

You collected 528 gold pieces.

Inventory:

Missiles
 a - 108 arrows
Jewellery
 n - a +2 ring of dexterity (left front leg)
 z - a ring of poison resistance (right front leg)
 A - an uncursed ring of magical power
 F - an uncursed ring of flight
 J - an uncursed amulet of regeneration {unknown}
Wands
 i - a wand of flame (46)
 B - a wand of paralysis (24)
 E - a wand of polymorph (25)
 H - a wand of disintegration (7)
Scrolls
 d - a scroll of acquirement {unknown}
 f - 3 scrolls of magic mapping
 g - 2 scrolls of blinking
 h - 5 scrolls of remove curse
 j - a scroll of fog
 o - 5 scrolls of teleportation
 q - a scroll of random uselessness {unknown}
 r - 3 scrolls of amnesia {unknown}
 x - 3 scrolls of enchant armour {unknown}
 y - a scroll of immolation {unknown}
 C - a scroll of enchant weapon {unknown}
 I - 2 scrolls of fear
Potions
 b - a potion of magic
 e - 3 potions of degeneration
 k - 2 potions of flight
 l - 2 potions of haste
 m - a potion of berserk rage
 p - 2 potions of brilliance
 s - 4 potions of heal wounds
 t - 5 potions of curing
 u - a potion of ambrosia {unknown}
 v - a potion of cancellation {unknown}
 w - 4 potions of agility {unknown}
 D - a potion of resistance {unknown}
 G - a potion of mutation {unknown}
Comestibles
 c - 23 rations
 K - 2 chunks of flesh


   Skills:
 - Level 6.0(5.7) Fighting
 - Level 7.0(6.7) Dodging
 - Level 8.1(7.8) Stealth
 - Level 7.3(7.0) Unarmed Combat
 - Level 6.0(5.7) Spellcasting
 - Level 6.5(6.2) Conjurations
 + Level 10.3(9.9) Transmutations


You couldn't memorise any spells.
You knew the following spells:

 Your Spells              Type           Power        Failure   Level  Hunger
a - Beastly Appendage     Tmut           ####..       2%          1    None
b - Sticks to Snakes      Tmut           ####....     3%          2    #......
c - Spider Form           Tmut/Pois      ###.......   17%         3    ###....
d - Ice Form              Ice/Tmut       ###.....     41%         4    ####...
e - Conjure Flame         Conj/Fire      ##......     32%         3    ###....
f - Blade Hands           Tmut           ####......   21%         5    ######.
g - Mephitic Cloud        Conj/Pois/Air  #.......     41%         3    ###....

Your spell library contained the following spells:

 Spells                   Type           Power        Failure   Level  Hunger
 Cause Fear               Hex            #.........   95%         4    ####...
 Magic Dart               Conj           ###.         6%          1    None
 Slow                     Hex            #.......     45%         2    #......
 Lehudib's Crystal Spear  Conj/Erth      ##........   100%        8    #######
 Fire Storm               Conj/Fire      ##........   100%        9    #######
 Blink                    Tloc           N/A          45%         2    #......
 Call Imp                 Summ           #.......     45%         2    #......
 Poison Arrow             Conj/Pois      ##........   100%        6    #######
 Glaciate                 Conj/Ice       ##........   100%        9    #######
 Corona                   Hex            #......      34%         1    None
 Chain Lightning          Conj/Air       ##........   100%        8    #######
 Portal Projectile        Hex/Tloc       #.....       65%         3    ###....
 Leda's Liquefaction      Hex/Erth       #.........   95%         4    ####...
 Inner Flame              Hex/Fire       #.......     65%         3    ###....


Dungeon Overview and Level Annotations

Branches:
Dungeon (11/15)            Temple (1/1) D:7            Lair (0/6) D:10
    Orc: D:9-12

Altars:
Ashenzari
Cheibriados
Dithmenos
Elyvilon
Fedhas
Gozag
Hepliaklqana
Kikubaaqudgha
Makhleb
Nemelex Xobeh
Okawaru
Qazlal
Ru
Sif Muna
Trog
Uskayaw
Vehumet
Wu Jian
Xom
Yredelemnul
Zin
The Shining One

Shops:
D:6 }   D:8 [   D:11 *

Annotations:
D:4 Dowan, Duvessa


Innate Abilities, Weirdness & Mutations

You cannot wear armour.
You are incapable of wielding weapons or throwing items.
Your paws allow you to move quietly. (Stealth)
((You have sharp claws.))
((You have razor-sharp teeth.))
You have supernaturally acute eyesight. (SInv)
You are carnivorous and can eat meat at any time.
((You cover ground quickly.))
((You are covered in thick fur. (AC +2)))
You have a slow metabolism.
((Your sharp claws are effective at attacking unaware monsters.))


Message History

The wight closely misses you.
A wight comes into view.
It is wielding an enchanted morningstar.
There is a stone staircase leading up here.
The wight misses you.
There is a stone staircase leading up here.
You hit the wight but do no damage. You bite the wight!
The wight is heavily damaged.
The wight misses you.
You hit the wight but do no damage.
The wight is heavily damaged.
The wight hits you with a halberd of freezing.
You feel drained. The wight freezes you.
You hit the wight.
The wight is severely damaged.
Your shadow hits the wight but does no damage.
The wight hits you with a halberd of freezing!
* * * LOW HITPOINT WARNING * * *
The wight freezes you!
You die...

....# ...### ..S. ... #..#
...####### #..#
............############..######
...............sz...............
.....##########...............
####... #.#########.####
.......##########..........Y..|.
...........................Y....
.........................V......
####..#######...#########........
..... #......!....Y...Y.... .....
............o....YY...


You could see a wight.

Vanquished Creatures
  Snorg (D:10)
  Pikel (D:6)
  6 hippogriffs
  A vampire (D:11)
  A human (D:7)
  4 hogs (D:7)
  A steam dragon (D:10)
  A basilisk (D:10)
  3 wyverns
  A hungry ghost (D:9)
  2 water moccasins
  4 orc warriors
  4 sky beasts
  A black bear (D:6)
  An eye of draining (D:10)
  An ice beast (D:5)
  2 phantoms
  A necrophage (D:7)
  A slave (D:6)
  4 ogres
  5 centaurs
  Blork the orc (D:6)
  3 crocodiles
  A big kobold (D:9)
  3 bullfrogs
  2 scorpions
  6 killer bees
  4 wights
  9 howler monkeys
  4 crimson imps
  A bullfrog zombie (D:10)
  7 hounds
  A quasit (D:5)
  Crazy Yiuf (D:2)
  8 orc priests
  A bullfrog skeleton (D:5)
  4 iguanas
  Terence (D:2)
  Jessica (D:2)
  Natasha (twice) (D:2)
  8 orc wizards
  6 worker ants
  5 hound skeletons
  2 howler monkey zombies
  A worker ant zombie (D:5)
  A howler monkey skeleton (D:5)
  13 adders
  10 gnolls
  A shadow imp (D:9)
  3 oozes
  2 adder zombies
  An adder skeleton (D:5)
  A worm (D:2)
  11 dart slugs
  8 leopard geckos
  35 orcs
  4 giant cockroaches
  5 hobgoblins
  11 jackals
  6 kobolds
  2 quokkas
  3 ball pythons
  3 bats
  10 frilled lizards
  6 goblins
  A quokka zombie (D:7)
  8 rats
273 creatures vanquished.

Vanquished Creatures (collateral kills)
  A black bear (D:8)
  Natasha (D:2)
  An orc wizard (D:5)
  A gnoll (D:7)
  A shadow imp (D:7)
5 creatures vanquished.

Grand Total: 278 creatures vanquished

Notes
Turn   | Place    | Note
-------+----------+-------------------------------------------
     0 | D:1      | vegansnacktivist the Felid Transmuter began the quest for the Orb.
     0 | D:1      | Reached XP level 1. HP: 9/9 MP: 4/4
    42 | D:1      | Reached skill level 1 in Stealth
   150 | D:1      | Reached XP level 2. HP: 9/12 MP: 4/6
   992 | D:1      | Reached XP level 3. HP: 15/15 MP: 7/7
  1761 | D:2      | Noticed Jessica
  1766 | D:2      | Reached skill level 5 in Stealth
  1768 | D:2      | Killed Jessica
  1768 | D:2      | Reached XP level 4. HP: 19/19 MP: 8/8
  1802 | D:2      | Found a shadowy altar of Dithmenos.
  1809 | D:2      | Became a worshipper of Dithmenos the Shadowed
  1845 | D:2      | Learned a level 2 spell: Sticks to Snakes
  1849 | D:2      | Learned a level 3 spell: Spider Form
  2066 | D:2      | Noticed Terence
  2092 | D:2      | Killed Terence
  2191 | D:2      | Noticed Natasha
  2203 | D:2      | Killed Natasha
  2203 | D:2      | Reached XP level 5. HP: 19/22 MP: 7/9
  2231 | D:2      | Noticed Natasha
  2253 | D:2      | Killed Natasha
  2465 | D:2      | Found a runed door.
  2803 | D:2      | Noticed Crazy Yiuf
  2808 | D:2      | Killed Crazy Yiuf
  2872 | D:2      | Noticed Natasha
  2883 | D:2      | Killed Natasha
  3139 | D:3      | Gained mutation: You are covered in thick fur. (AC +2) [Felid growth]
  3139 | D:3      | Reached XP level 6. HP: 25/25 MP: 10/10
  3562 | D:4      | Reached * piety under Dithmenos
  4017 | D:4      | Noticed Duvessa
  4021 | D:4      | Noticed Dowan
  4205 | D:4      | Reached skill level 5 in Dodging
  4653 | D:5      | Entered Level 5 of the Dungeon
  4721 | D:5      | Noticed an ice beast
  4723 | D:5      | Killed an ice beast
  4723 | D:5      | Reached XP level 7. HP: 28/28 MP: 11/11
  5018 | D:5      | Reached ** piety under Dithmenos
  5355 | D:5      | Reached skill level 5 in Fighting
  5364 | D:5      | Reached XP level 8. HP: 32/37 MP: 12/12
  6084 | D:5      | HP: 1/38 [orc wizard/magic dart (7)]
  6882 | D:6      | Found Nogi's Gadget Emporium.
  7237 | D:6      | Reached skill level 5 in Unarmed Combat
  7341 | D:6      | Noticed Blork the orc
  7355 | D:6      | Killed Blork the orc
  7475 | D:6      | Noticed Pikel
  7610 | D:6      | Killed Pikel
  7610 | D:6      | Reached XP level 9. HP: 34/41 MP: 8/13
  7666 | D:6      | Learned a level 4 spell: Ice Form
  7801 | D:7      | Reached skill level 3 in Transmutations
  7829 | D:7      | Reached skill level 4 in Transmutations
  8058 | D:7      | Reached skill level 5 in Transmutations
  8268 | D:7      | Reached *** piety under Dithmenos
  8305 | D:7      | Reached skill level 6 in Transmutations
  8422 | D:7      | Reached skill level 7 in Transmutations
  8434 | D:7      | Reached skill level 8 in Transmutations
  8636 | D:7      | Found a shattered altar of Ashenzari.
  8670 | D:7      | Found a staircase to the Ecumenical Temple.
  8897 | Temple   | Entered the Ecumenical Temple
  9152 | D:8      | Learned a level 3 spell: Conjure Flame
  9766 | D:8      | Found Iciome's Antique Armour Emporium.
  9795 | D:8      | You fall through a shaft!
  9827 | D:9      | Reached XP level 10. HP: 38/45 MP: 15/17
 10317 | D:9      | Reached skill level 5 in Spellcasting
 10954 | D:8      | Learned a level 5 spell: Blade Hands
 10958 | D:8      | Learned a level 3 spell: Mephitic Cloud
 10999 | D:8      | Reached skill level 1 in Conjurations
 11948 | D:8      | Reached **** piety under Dithmenos
 13015 | D:10     | Entered Level 10 of the Dungeon
 13234 | D:10     | Reached skill level 5 in Conjurations
 13348 | D:10     | Noticed Snorg
 13362 | D:10     | HP: 2/45 [Snorg (26)]
 13362 | D:10     | Demolished by Snorg
 13363 | D:10     | Reached XP level 9. HP: -16/41 MP: 18/19
 13545 | D:10     | Killed Snorg
 13545 | D:10     | Reached XP level 10. HP: 45/45 MP: 15/20
 14000 | D:10     | Found a staircase to the Lair.
 14044 | D:10     | Reached skill level 9 in Transmutations
 14254 | D:10     | HP: 1/45 [wyvern (5)]
 14255 | D:10     | Slain by a wyvern
 14256 | D:10     | Reached XP level 9. HP: -1/41 MP: 19/19
 15539 | D:11     | Noticed a cyclops
 16232 | D:10     | Reached skill level 10 in Transmutations
 16900 | D:11     | Found Otaeps's Assorted Antiques.
 16925 | D:11     | Reached XP level 10. HP: 20/45 MP: 17/20
 16945 | D:11     | HP: 1/45 [wight/halberd of freezing (15)]
 16945 | D:11     | Mangled by a wight

Vault maps used:
D:1:      matt_arrival_los_fun, st_stairs_2, minmay_pentomino_o2
D:2:      minmay_misc_feat_tiny, grunt_decor_fettered,
          nicolae_dithmenos_through_a_glass_darkly, uniq_jessica, uniq_terence,
          uniq_crazy_yiuf_cottage, uniq_natasha
D:3:      first_ration
D:4:      kennysheep_slugbush, hex_large, uniq_duvessa
D:6:      serial_shops, shop, uniq_blork_the_orc, uniq_pikel
D:7:      kennysheep_mini, minmay_temple_entry_poolview, grunt_livestock
D:8:      serial_shops, shop
D:10:     erik_lair_dragon, library_closet, uniq_snorg
D:11:     serial_shops, shop
Temple:   minmay_crystal_snake_temple

Skill      XL: |  1  2  3  4  5  6  7  8  9 10 |
---------------+-------------------------------+-----
Stealth        | 2 4 5 6 8 |  8.1
Dodging        | 3 6 7 |  7.0
Fighting       | 5 6 |  6.0
Unarmed Combat | 7 |  7.3
Transmutations | 10 9 | 10.3
Spellcasting   | 4 6 |  6.0
Conjurations   | 6 5 |  6.5

Action                   |  1- 3 |  4- 6 |  7- 9 | 10-12 || total
-------------------------+-------+-------+-------+-------++-------
Melee: Unarmed           |    73 |   173 |   539 |   232 ||  1017
       Bite              |     7 |    19 |    37 |    16 ||    79
       Headbutt          |     3 |     6 |    28 |    23 ||    60
       Punch             |     3 |     1 |    12 |     7 ||    23
 Cast: Beastly Appendage |     8 |     9 |    37 |    20 ||    74
       Sticks to Snakes  |       |     9 |    15 |    14 ||    38
       Spider Form       |       |       |    17 |     7 ||    24
       Conjure Flame     |       |       |     1 |       ||     1
       Blade Hands       |       |       |     1 |       ||     1
Invok: Shadow Step       |       |       |       |     1 ||     1
Evoke: Wand              |       |       |     2 |     2 ||     4
  Use: Scroll            |       |       |     1 |    13 ||    14
       Potion            |       |       |       |     1 ||     1
 Stab: Sleeping          |    10 |    25 |    25 |    21 ||    81
       Distracted        |       |     3 |     4 |     5 ||    12
       Paralysed         |       |       |     6 |       ||     6
  Eat: Chunk             |     9 |     6 |    25 |    20 ||    60
Armor: Skin              |     6 |     3 |    18 |     9 ||    36
Dodge: Dodged            |    57 |   120 |   573 |   285 ||  1035

Table legend:
 A = Spawn XP
 B = Non-spawn XP
 C = Spawn XP percentage of total XP
 D = Spawn monster count
 E = Non-spawn monster count
 F = Spawn count percentage of total count
 G = Total turns spent on level
                    A         B        C        D         E        F      G
               +---------+---------+-------+---------+---------+-------+---------
         Total |       0 |   13532 |   0.0 |       0 |     277 |   0.0 | 16945
               +---------+---------+-------+---------+---------+-------+---------
           D:1 |       0 |      54 |   0.0 |       0 |      25 |   0.0 |  1550
           D:2 |       0 |     271 |   0.0 |       0 |      25 |   0.0 |  1348
           D:3 |       0 |      69 |   0.0 |       0 |      20 |   0.0 |   844
           D:4 |       0 |     161 |   0.0 |       0 |      18 |   0.0 |   911
           D:5 |       0 |    1101 |   0.0 |       0 |      32 |   0.0 |  1766
           D:6 |       0 |    1200 |   0.0 |       0 |      13 |   0.0 |  1361
           D:7 |       0 |    2203 |   0.0 |       0 |      31 |   0.0 |  1386
           D:8 |       0 |    1670 |   0.0 |       0 |      29 |   0.0 |  2178
           D:9 |       0 |    1833 |   0.0 |       0 |      38 |   0.0 |  1465
          D:10 |       0 |    3957 |   0.0 |       0 |      28 |   0.0 |  3403
          D:11 |       0 |    1013 |   0.0 |       0 |      18 |   0.0 |   527
               +---------+---------+-------+---------+---------+-------+---------
